 Dungeon Crawl Stone Soup version 0.23-a0-356-g1757c6e (webtiles) character file.

420 MisterFreud the Scratcher (level 6, -2/25 HPs)
             Began as a Felid Artificer on Oct 21, 2018.
             Was a Follower of Uskayaw.
             Slain by a sky beast (6 damage)
             ... on level 5 of the Dungeon.
             The game lasted 00:12:23 (6581 turns).

MisterFreud the Scratcher (Felid Artificer)         Turns: 6581, Time: 00:12:24

Health: -2/25      AC:  2    Str: 10    XL:     6   Next: 62%
Magic:  9/9        EV: 19    Int: 15    God:    Uskayaw [*.....]
Gold:   155        SH:  0    Dex: 17    Spells: 5/5 levels left
                                        Lives:  0   Deaths: 1

rFire    . . .     SeeInvis +     - Unarmed
rCold    . . .     Gourm    .   (shield unavailable)
rNeg     . . .     Faith    .   (armour unavailable)
rPois    .         Spirit   .   (helmet unavailable)
rElec    .         Reflect  .   (cloak unavailable)
rCorr    .         Harm     .   (gloves unavailable)
MR       .....                  (boots unavailable)
Stlth    ++++......             (no amulet)
HPRegen  0.08/turn              f - +3 ring of intelligence
MPRegen  0.11/turn              v - ring of flight

@: quick
A: very small, no armour, no weapons or thrown items, stealth, claws 1, fangs 3,
see invisible, carnivore, speed 1, shaggy fur 2, slow metabolism 1, sharp paws
a: Stomp, Renounce Religion, Evoke Flight


You were on level 5 of the Dungeon.
You worshipped Uskayaw.
Uskayaw was noncommittal.
You were full.

You visited 2 branches of the dungeon, and saw 6 of its levels.

You collected 155 gold pieces.

Inventory:

Jewellery
 f - a +3 ring of intelligence (left paw)
 v - a ring of flight (right paw)
Wands
 a - a wand of flame (6)
 b - a wand of enslavement (6)
 c - a wand of random effects (7)
 i - a wand of digging (16)
 s - a wand of polymorph (9)
Scrolls
 n - a scroll of enchant weapon {unknown}
 o - 3 scrolls of identify
 p - a scroll of teleportation
 r - a scroll of amnesia {unknown}
Potions
 e - a potion of flight
 g - a potion of haste
 h - 4 potions of curing
 j - a potion of degeneration {unknown}
 k - a potion of magic {unknown}
 l - a potion of experience {unknown}
 m - a potion of lignification {unknown}
 q - a potion of brilliance {unknown}
 t - a potion of agility {unknown}
Comestibles
 d - 9 rations


   Skills:
 - Level 1.0 Fighting
 + Level 4.0 Dodging
 - Level 6.0 Stealth
 - Level 6.1 Unarmed Combat
 - Level 3.2 Evocations


You had 5 spell levels left.
You didn't know any spells.
Your spell library was empty.

Dungeon Overview and Level Annotations

Branches:
Dungeon (5/15)             Temple (1/1) D:4

Altars:
Ashenzari
Cheibriados
Dithmenos
Elyvilon
Fedhas
Gozag
Hepliaklqana
Kikubaaqudgha
Makhleb
Nemelex Xobeh
Okawaru
Qazlal
Ru
Sif Muna
Trog
Uskayaw
Vehumet
Wu Jian
Xom
Yredelemnul
Zin
The Shining One

Annotations:
D:4 3 runed doors, Garbasso's ghost, novice OpFi


Innate Abilities, Weirdness & Mutations

You cannot wear armour.
You are incapable of wielding weapons or throwing items.
Your paws allow you to move quietly. (Stealth)
You have sharp claws.
You have razor-sharp teeth.
You have supernaturally acute eyesight. (SInv)
You are carnivorous and can eat meat at any time.
You cover ground quickly.
You are covered in thick fur. (AC +2)
You have a slow metabolism.
Your sharp claws are effective at attacking unaware monsters.


Message History

You scratch the sky beast.
The sky beast is moderately wounded.
The sky beast closely misses you.
You barely miss the sky beast.
The sky beast is moderately wounded.
You miss the sky beast.
The sky beast is moderately wounded.
The sky beast hits you. The sky beast shocks you.
* * * LOW HITPOINT WARNING * * *
You are too injured to fight recklessly!
Evoke which item? (* to show all) (? for menu, Esc to quit)
Aiming: Throw Flame
Press: ? - help, Shift-Dir - straight line, f - sky beast
Aim: a sky beast (lightly wounded, slightly transparent)
The puff of flame hits the sky beast.
The sky beast is moderately wounded.
The sky beast hits you.
* * * LOW HITPOINT WARNING * * *
The sky beast shocks you.
You die...

..# ..# ## #######..#
..###........#
#............# ..
##...........#...
##.........Y........#
##.........@.........#
##...................# .
#..(..............<..####..
..........................
.......?.................
......................#
.....<........)....).##
......................##
#.....>................#


You could see a sky beast (invisible).

Vanquished Creatures
  A wolf (D:4)
  An ogre (D:4)
  2 scorpions
  An orc priest (D:3)
  A hound (D:5)
  Ijyb (D:5)
  An iguana (D:4)
  A worker ant (D:4)
  A gnoll (D:1)
  8 adders
  A river rat (D:5)
  2 worms (D:4)
  6 leopard geckos
  9 orcs
  2 giant cockroaches
  11 goblins
  9 hobgoblins
  7 jackals (D:1)
  4 quokkas
  4 ball pythons
  8 bats
  5 frilled lizards
  5 kobolds
  A leopard gecko skeleton (D:4)
  9 rats
101 creatures vanquished.

Vanquished Creatures (collateral kills)
  An orc (D:3)
1 creature vanquished.

Vanquished Creatures (others)
  An orc priest (D:4)
  2 jackals (D:1)
3 creatures vanquished.

Grand Total: 105 creatures vanquished

Notes
Turn   | Place    | Note
-------+----------+-------------------------------------------
     0 | D:1      | MisterFreud the Felid Artificer began the quest for the
                  | Orb.
     0 | D:1      | Reached XP level 1. HP: 9/9 MP: 4/4
   175 | D:1      | Reached XP level 2. HP: 10/12 MP: 5/5
   705 | D:1      | Reached XP level 3. HP: 15/15 MP: 6/6
  1940 | D:2      | Reached skill level 5 in Stealth
  2275 | D:2      | Reached XP level 4. HP: 8/19 MP: 7/7
  3081 | D:3      | Found a glowing golden altar of the Shining One.
  4006 | D:3      | Reached XP level 5. HP: 15/22 MP: 8/8
  4779 | D:4      | Noticed an ogre
  4784 | D:4      | Killed an ogre
  4784 | D:4      | Gained mutation: You are covered in thick fur. (AC +2)
                  | [Felid growth]
  4784 | D:4      | Reached XP level 6. HP: 25/25 MP: 9/9
  4974 | D:4      | Found a runed gate.
  4975 | D:4      | Found a runed gate.
  4975 | D:4      | Found a runed gate.
  5179 | D:4      | Noticed Garbasso's ghost (novice OpFi)
  5211 | D:4      | Found a staircase to the Ecumenical Temple.
  5222 | Temple   | Entered the Ecumenical Temple
  5460 | Temple   | Became a worshipper of Uskayaw the Reveler
  5483 | D:4      | Reached skill level 5 in Unarmed Combat
  5527 | D:4      | Reached * piety under Uskayaw
  5933 | D:4      | Reached ** piety under Uskayaw
  5956 | D:4      | Slain by an orc
  5957 | D:4      | Reached XP level 5. HP: -1/22 MP: 8/8
  6151 | D:4      | Noticed a wolf
  6151 | D:4      | an orc priest changed into a wolf
  6160 | D:4      | Reached *** piety under Uskayaw
  6161 | D:4      | Killed a wolf
  6161 | D:4      | Reached XP level 6. HP: 4/25 MP: 9/9
  6447 | D:5      | Entered Level 5 of the Dungeon
  6505 | D:5      | Noticed Blork the orc
  6509 | D:5      | Noticed Blork
  6509 | D:5      | Blork the orc changed into Blork the river rat
  6528 | D:5      | Killed Blork the river rat
  6537 | D:5      | Noticed Ijyb
  6548 | D:5      | Killed Ijyb
  6567 | D:5      | Noticed a sky beast
  6581 | D:5      | Slain by a sky beast

Vault maps used:
D:1:      matt_arrival_los_fun, chequers_avenue, kennysheep_nondescript
D:2:      minmay_pentomino_u4
D:3:      wad_river_or_something, lemuel_crystal_altar
D:4:      minmay_temple_entry_overgrown, gammafunk_ghost_split,
          minmay_door_square, minmay_misc_feat_pillars
D:5:      gammafunk_wand_slinger, first_ration, grunt_ministairs_8,
          nicolae_gozag_cash_rules_everything_around_me, uniq_blork_the_orc,
          uniq_crazy_yiuf_cottage, uniq_ijyb
Temple:   nicolae_temple_the_god_donut

Skill      XL: |  1  2  3  4  5  6 |
---------------+-------------------+-----
Stealth        | 3 4 5 6 |  6.0
Unarmed Combat | 2 4 6 |  6.1
Dodging        | 4 |  4.0
Fighting       | |  1.0
Evocations     | |  3.2

Action                   |  1- 3 |  4- 6 || total
-------------------------+-------+-------++-------
Melee: Unarmed           |   148 |   160 ||   308
       Bite              |    10 |    10 ||    20
       Punch             |     1 |     2 ||     3
Evoke: Wand              |    12 |    30 ||    42
  Use: Scroll            |     5 |     3 ||     8
       Potion            |     1 |     1 ||     2
 Stab: Sleeping          |     6 |    20 ||    26
       Distracted        |       |     4 ||     4
       Paralysed         |       |     1 ||     1
  Eat: Chunk             |    10 |    10 ||    20
Armor: Skin              |    16 |     4 ||    20
Dodge: Dodged            |   162 |   127 ||   289

Table legend:
 A = Non-vault XP
 B = Vault XP
 C = Vault XP percentage of total XP
 D = Non-vault monster count
 E = Vault monster count
 F = Vault count percentage of total count
                 A         B        C        D         E       F
            +---------+---------+-------+---------+---------+-------
      Total |     774 |      86 |  10.0 |      88 |      14 |  13.7
            +---------+---------+-------+---------+---------+-------
        D:1 |      57 |       0 |   0.0 |      26 |       0 |   0.0
        D:2 |      54 |       8 |  12.9 |      19 |       4 |  17.4
        D:3 |     112 |      26 |  18.8 |      24 |       8 |  25.0
        D:4 |     436 |       0 |   0.0 |      15 |       0 |   0.0
        D:5 |     115 |      52 |  31.1 |       4 |       2 |  33.3
            +---------+---------+-------+---------+---------+-------
